 Dungeon Crawl Stone Soup version 0.20-a0-901-g27f6fa8 (webtiles) character file.

447 Hook the Skirmisher (level 6, -8/57 HPs)
             Began as a Minotaur Monk on Mar 19, 2017.
             Mangled by a hornet (14 damage)
             ... on level 5 of the Dungeon.
             The game lasted 00:15:42 (3493 turns).

Hook the Skirmisher (Minotaur Monk)                 Turns: 3493, Time: 00:15:43

Health: -8/57      AC:  4    Str: 17    XL:     6   Next: 73%
Magic:  5/5        EV: 14    Int:  7    God:
Gold:   227        SH:  0    Dex: 13    Spells: 5/5 levels left

rFire    . . .     SeeInvis .   a - +1 hand axe
rCold    . . .     Gourm    .   p - +0 leather armour
rNeg     . . .     Faith    .   (no shield)
rPois    .         Spirit   .   (helmet unavailable)
rElec    .         Reflect  .   (no cloak)
rCorr    .         Harm     .   (no gloves)
MR       .....     Clarity  +   f - +0 pair of boots
Stlth    +++.......             (no amulet)
Regen    0.2/turn               (no ring)
MPRegen  0.1/turn               e - ring of stealth

@: lethally poisoned (-8 -> -14), about to teleport, slowed, very slow
A: retaliatory headbutt, horns 3, clarity
a: no special abilities


You were on level 5 of the Dungeon.
You were not hungry.

You visited 2 branches of the dungeon, and saw 7 of its levels.

You collected 227 gold pieces.

Inventory:

Hand Weapons
 a - a +1 hand axe (weapon)
Armour
 b - a +0 robe
 f - a +0 pair of boots (worn)
 p - a +0 leather armour (worn)
Jewellery
 e - a ring of stealth (left hand)
 n - an uncursed amulet of the gourmand {unknown}
Wands
 r - a wand of digging (11/24)
 w - a wand of confusion (28/48)
Scrolls
 g - a scroll of noise {unknown}
 h - a scroll of amnesia
 i - a scroll of immolation
 l - 2 scrolls of magic mapping {unknown}
 m - 2 scrolls of enchant weapon
 t - a scroll of blinking
Potions
 j - 2 potions of agility {unknown}
 k - 2 potions of curing {unknown}
 o - a potion of brilliance {unknown}
 s - a potion of haste {unknown}
Books
 v - a book of Geomancy

   Spells                             Type                      Level
   a - Sandblast                      Earth                        1
   b - Passwall                       Transmutation/Earth          2
   c - Stone Arrow                    Conjuration/Earth            3
   d - Petrify                        Transmutation/Earth          4
   e - Lee's Rapid Deconstruction     Earth                        5
Comestibles
 c - 8 bread rations
 d - 3 fruits


   Skills:
 * Level 5.7 Fighting
 + Level 5.2 Axes
 * Level 4.7 Armour
 + Level 4.6 Dodging
 - Level 1.5 Stealth


You had 5 spell levels left.
You didn't know any spells.

Dungeon Overview and Level Annotations

Branches:
Dungeon (6/15)             Temple (1/1) D:4

Altars:
Ashenzari
Dithmenos
Elyvilon
Hepliaklqana
Makhleb
Nemelex Xobeh
Okawaru
Sif Muna
Trog
Uskayaw
Xom
Yredelemnul
The Shining One
Lugonu

Annotations:
D:5 Apogee's ghost, amateur DECj; Grinder


Innate Abilities, Weirdness & Mutations

You reflexively headbutt those who attack you in melee.
You have a pair of large horns on your head.
You possess an exceptional clarity of mind.


Message History

The hornet stings you but does no damage.
There is a stone staircase leading up here.
You feel sick. The hornet closely misses you. You furiously retaliate!
You headbutt the hornet! The centaur misses you. The hornet stings you.
You are more poisoned.
You feel yourself slow down.
You climb upwards.
Level annotation: Apogee's ghost, amateur DECj; Grinder You feel yourself speed up.
You feel very sick.
There is a stone staircase leading down here.
As you read the scroll of teleportation, it crumbles to dust.
You feel strangely unstable.
You feel sick. The hornet stings you!
You feel yourself slow down.
You feel sick. The hornet stings you!
* * * LOW HITPOINT WARNING * * *
You feel as though you will be slow longer.
* * * LOW HITPOINT WARNING * * *
You feel sick. The hornet stings you!
You die...

########.# #.#
#......#.# #.#
#####.#....# #.#
###...#.###### #.####
......'......#####....#
.##...#.#..#.##....##.#
.##...#....#.##....## #
.##...####.#...<.#..# #
..'...'.........@y>.#.#
###...###.##...#......#
#...# #.########.####
#...# #..........#
#...# ############
#####


You could see a hornet.

Vanquished Creatures
  A sky beast (D:5)
  A phantom (D:5)
  A bullfrog (D:3)
  A worker ant (D:4)
  10 adders
  An ooze (D:1)
  An adder skeleton (D:4)
  A worm (D:3)
  2 dart slugs
  3 orcs (D:5)
  9 bats
  6 giant cockroaches
  9 goblins
  11 hobgoblins
  3 jackals
  2 quokkas
  6 frilled lizards
  6 kobolds
  6 rats
80 creatures vanquished.

Notes
Turn   | Place    | Note
-------+----------+-------------------------------------------
     0 | D:1      | Hook the Minotaur Monk began the quest for the Orb.
     0 | D:1      | Reached XP level 1. HP: 19/19 MP: 0/0
   210 | D:1      | Reached skill level 1 in Armour
   210 | D:1      | Reached XP level 2. HP: 27/27 MP: 1/1
   535 | D:1      | Reached XP level 3. HP: 32/33 MP: 2/2
   974 | D:2      | Reached XP level 4. HP: 41/41 MP: 3/3
  1283 | D:3      | Found a shadowy altar of Dithmenos.
  1387 | D:3      | Found a bloodstained altar of Trog.
  1505 | D:3      | Reached XP level 5. HP: 34/47 MP: 4/4
  1659 | D:3      | Reached skill level 5 in Fighting
  1739 | D:3      | Found a hazy altar of Hepliaklqana.
  2633 | D:4      | Found a staircase to the Ecumenical Temple.
  2676 | Temple   | Entered the Ecumenical Temple
  2957 | D:5      | Entered Level 5 of the Dungeon
  2983 | D:5      | Noticed Grinder
  3038 | D:4      | Gained mutation: You possess an exceptional clarity of mind. [potion of mutation]
  3038 | D:4      | Gained mutation: You have a pair of large horns on your head. [potion of mutation]
  3089 | D:5      | Found a sparkling altar of Nemelex Xobeh.
  3101 | D:5      | Reached XP level 6. HP: 43/56 MP: 5/5
  3139 | D:5      | Noticed Apogee's ghost (amateur DECj)
  3273 | D:5      | Noticed a sky beast
  3278 | D:5      | Reached skill level 5 in Axes
  3419 | D:5      | Killed a sky beast
  3484 | D:6      | Noticed a hornet
  3486 | D:6      | Paralysed by a hornet for 2 turns
  3493 | D:5      | Mangled by a hornet

Vault maps used:
D:1:      sevenhm_arrival_forest_fort_small_5
D:2:      minmay_misc_feat_plants, item_on_display_a
D:3:      nicolae_overflow_crystal_walls, grunt_dithmenos_smoke_and_mirrors,
          first_bread, trog_hazing_becter
D:4:      minmay_temple_entry_nine_rooms
D:5:      nemelex_xobeh_ov_fountains_minmay, overflow_temple_1_default,
          serial_shops, shop, uniq_grinder, uniq_crazy_yiuf_cottage
D:6:      grunt_temple_overflow_diamond
Temple:   kb_corrupted_temple

Skill      XL: |  1  2  3  4  5  6 |
---------------+-------------------+-----
Armour         | 1 2 3 4 |  4.7
Fighting       | 4 5 |  5.7
Axes           | 4 5 |  5.2
Dodging        | 4 |  4.6
Stealth        | |  1.5

Action                   |  1- 3 |  4- 6 || total
-------------------------+-------+-------++-------
Melee: Hand axe          |    69 |   115 ||   184
       Headbutt          |    12 |    22 ||    34
  Use: Scroll            |     2 |     9 ||    11
       Potion            |       |     1 ||     1
 Stab: Sleeping          |     3 |     9 ||    12
  Eat: Chunk             |       |     6 ||     6
       Royal jelly       |       |     1 ||     1
Armor: Robe              |    16 |     2 ||    18
       Leather armour    |       |    25 ||    25
Dodge: Dodged            |    58 |   110 ||   168
